 Dungeon Crawl Stone Soup version 0.23.0-3-gf3c87f2 (webtiles) character file.

Game seed: 3771050996589264639

57 zishaf the Conjurer (level 3, -2/28 HPs)
             Began as a Draconian Conjurer on Feb 22, 2019.
             Slain by a worker ant (5 damage)
             ... on level 2 of the Dungeon.
             The game lasted 00:02:25 (1658 turns).

zishaf the Conjurer (Draconian Conjurer)            Turns: 1658, Time: 00:02:26

Health: -2/28      AC:  5    Str: 10    XL:     3   Next: 73%
Magic:  0/6        EV: 12    Int: 16    God:
Gold:   0          SH:  0    Dex: 11    Spells: 3/6 levels left

rFire    . . .     SeeInvis .   d - +0 dagger
rCold    . . .     Gourm    .   (no shield)
rNeg     . . .     Faith    .   (armour unavailable)
rPois    .         Spirit   .   (helmet restricted)
rElec    .         Reflect  .   (no cloak)
rCorr    .         Harm     .   (no gloves)
MR       .....                  (no boots)
Stlth    ++........             (no amulet)
HPRegen  0.09/turn              (no ring)
MPRegen  0.10/turn              (no ring)

@: lethally poisoned (-2 -> -14), very slightly contaminated
A: unfitting armour, cold-blooded, AC +5
a: no special abilities


You were on level 2 of the Dungeon.
You were not hungry.

You visited 1 branch of the dungeon, and saw 2 of its levels.

Inventory:

Hand Weapons
 d - a +0 dagger (weapon)
Missiles
 h - 3 stones (quivered)
Jewellery
 e - an uncursed ring of magical power
Scrolls
 a - a scroll of teleportation {unknown}
 g - 2 scrolls of immolation {unknown}
Potions
 f - a potion of brilliance {unknown}
Comestibles
 b - a ration


   Skills:
 + Level 1.4 Fighting
 + Level 2.2 Dodging
 - Level 2.0 Stealth
 + Level 2.4 Spellcasting
 * Level 4.5 Conjurations


You had 3 spell levels left.
You knew the following spells:

 Your Spells              Type           Power        Failure   Level  Hunger
a - Magic Dart            Conj           ###.         3%          1    #......
b - Searing Ray           Conj           ###...       4%          2    ###....

Your spell library contained the following spells:

 Spells                   Type           Power        Failure   Level  Hunger
 Dazzling Spray           Conj/Hex       #.....       24%         3    ###....
 Iskenderun's Mystic Bla  Conj           ###.....     30%         4    #####..
 Force Lance              Conj/Tloc      #.......     61%         4    #####..
 Fulminant Prism          Conj/Hex       #.........   61%         4    #####..


Dungeon Overview and Level Annotations

Branches:
Dungeon (2/15)

Altars:
Wu Jian


Innate Abilities, Weirdness & Mutations

Your plain brown scales are hard. (AC +5)
You cannot fit into any form of body armour.
You are cold-blooded and may be slowed by cold attacks.


Message History

Confirm with . or Enter, or press ? or * to list all spells.
Aiming: Magic Dart (safe; 3% risk of failure)
Press: ? - help, Shift-Dir - straight line, f/p - worker ant
Aim: a worker ant (almost dead)
You miscast Magic Dart.
You are very lightly contaminated with residual magic.
Nothing appears to happen.
The jackal barks!
* * * LOW HITPOINT WARNING * * *
You feel sick.
You hear a bark!
The worker ant barely misses you.
Casting: Magic Dart (safe; 3% risk of failure)
Confirm with . or Enter, or press ? or * to list all spells.
You don't have enough magic to cast that spell.
You closely miss the worker ant.
The worker ant is almost dead.
* * * LOW HITPOINT WARNING * * *
You feel sick. The worker ant bites you.
You die...

# #####h#
#...#######...h..
......†..@a.##
#...######...##.###
# #.<.......
#...###### #._...
........ #...######
#...# #...#


You could see a worker ant and 2 jackals.

Vanquished Creatures
  7 dart slugs (D:1)
  2 leopard geckos (D:1)
  A ball python (D:1)
  2 giant cockroaches (D:1)
  7 goblins (D:1)
  5 hobgoblins (D:1)
  4 kobolds (D:1)
  5 bats (D:1)
  A frilled lizard (D:1)
  3 rats
37 creatures vanquished.

Notes
Turn   | Place    | Note
-------+----------+-------------------------------------------
     0 | D:1      | zishaf the Draconian Conjurer began the quest for the Orb.
     0 | D:1      | Reached XP level 1. HP: 14/14 MP: 3/3
   230 | D:1      | Reached XP level 2. HP: 17/22 MP: 1/5
   277 | D:1      | Learned a level 2 spell: Searing Ray
   621 | D:1      | Reached skill level 1 in Fighting
   662 | D:1      | Reached XP level 3. HP: 27/28 MP: 2/6
  1635 | D:2      | Found an ornate altar of the Wu Jian Council.
  1658 | D:2      | Slain by a worker ant

Skill      XL: |  1  2 |
---------------+-------+-----
Stealth        | 2 |  2.0
Dodging        | 2 |  2.2
Fighting       | 1 |  1.4
Spellcasting   | |  2.4
Conjurations   | |  4.5

Action                   || total
-------------------------++-------
Melee: Unarmed           ||    31
       Tailslap          ||     8
       Dagger            ||    52
 Cast: Magic Dart        ||    59
 Stab: Sleeping          ||     4
  Eat: Chunk             ||     3
Armor: Skin              ||    31
Dodge: Dodged            ||    58
